 Dungeon Crawl Stone Soup version 0.21-a0-578-gc6e9d75 (webtiles) character file.

482 Gaball the Slasher (level 6, -1/51 HPs)
             Began as a Draconian Monk on Dec 18, 2017.
             Was a Priest of Uskayaw.
             Killed by nerve-wracking pain
             ... invoked by an orc priest
              (13 damage)
             ... on level 4 of the Dungeon.
             The game lasted 00:08:25 (3990 turns).

Gaball the Slasher (Draconian Monk)                 Turns: 3990, Time: 00:08:25

Health: -1/51      AC: 13    Str: 16    XL:     6   Next: 87%
Magic:  6/6        EV: 18    Int: 10    God:    Uskayaw [***...]
Gold:   144        SH:  0    Dex: 13    Spells: 5/5 levels left

rFire    . . .     SeeInvis .   a - +0 falchion
rCold    . . .     Gourm    .   (no shield)
rNeg     . . .     Faith    .   (armour unavailable)
rPois    .         Spirit   .   (helmet restricted)
rElec    .         Reflect  .   e - +0 cloak (curse)
rCorr    .         Harm     .   o - +2 pair of gloves
MR       .....                  (no boots)
Stlth    ++........             (no amulet)
HPRegen  0.17/turn              h - +3 ring of protection
MPRegen  0.10/turn              i - +5 ring of evasion

@: no status effects
A: unfitting armour, cold-blooded, AC +6
a: Stomp, Line Pass, Renounce Religion


You were on level 4 of the Dungeon.
You worshipped Uskayaw.
Uskayaw was noncommittal.
You were very hungry.

You visited 1 branch of the dungeon, and saw 4 of its levels.

You collected 144 gold pieces.

Inventory:

Hand Weapons
 a - a +0 falchion (weapon)
Armour
 e - a cursed +0 cloak (worn)
 o - a +2 pair of gloves (worn)
Jewellery
 h - a +3 ring of protection (left hand)
 i - a +5 ring of evasion (right hand)
 l - a +6 ring of intelligence {unknown}
 m - an uncursed ring of protection from fire {unknown}
Scrolls
 n - 2 scrolls of blinking {unknown}
 q - a scroll of enchant armour {unknown}
 t - a scroll of teleportation {unknown}
Potions
 c - a potion of degeneration {unknown}
 f - 3 potions of cancellation
 g - 2 potions of might {unknown}
 j - a potion of brilliance {unknown}
 k - a potion of lignification {unknown}
 p - a potion of haste
 r - a potion of heal wounds {unknown}
 s - a potion of agility {unknown}
 u - a potion of magic {unknown}
Comestibles
 b - 7 rations


   Skills:
 - Level 3.2 Fighting
 + Level 7.9 Long Blades
 - Level 2.6 Dodging
 - Level 1.7 Stealth


You had 5 spell levels left.
You didn't know any spells.

Dungeon Overview and Level Annotations

Branches:
Dungeon (4/15)             Temple (0/1) D:4

Altars:
Cheibriados
Kikubaaqudgha
Qazlal
Sif Muna
Uskayaw


Innate Abilities, Weirdness & Mutations

Your plain brown scales are hard. (AC +6)
You cannot fit into any form of body armour.
You are cold-blooded and may be slowed by cold attacks.


Message History

The orc wizard seems to speed up.
You closely miss the orc wizard.
Your tail-slap misses the orc wizard.
The orc wizard is heavily wounded.
The orc wizard misses you.
You hit the orc wizard but do no damage.
The orc wizard is heavily wounded.
The orc wizard misses you. The orc priest barely misses you.
The orc wizard hits you but does no damage.
You slash the orc priest!
The orc priest is heavily wounded.
The orc wizard hits you with an enchanted dagger!
The orc priest invokes the aid of Beogh against you.
Beogh smites you!
* * * LOW HITPOINT WARNING * * *
You barely miss the orc priest.
The orc priest is heavily wounded.
The orc wizard hits you but does no damage.
The orc priest invokes the aid of Beogh against you.
Pain shoots through your body!
You die...

##o .o # #.
#.#.## #...o# ##
####o# ..#..ro#
# ### #.#o####
#. ..# #.#o@.#
#. #># #$....#
#.##.# #.....#
.... #.....#
####.####.....#
#.......###.###
#.##.##.# #.#
#.##.##.###>####
###
#....##.....>..#


You could see an orc priest and an orc wizard.

Vanquished Creatures
  3 orc priests
  4 orc wizards
  Jessica (D:3)
  2 iguanas (D:4)
  A worker ant (D:4)
  A gnoll (D:1)
  7 adders
  An ooze (D:1)
  The ghost of tidbits the Sneak, a weakling FeIE (D:4)
  2 leopard geckos
  14 orcs
  7 bats
  8 giant cockroaches
  9 goblins
  10 hobgoblins
  3 jackals (D:1)
  6 kobolds
  A quokka (D:4)
  2 ball pythons
  2 frilled lizards
  A jackal skeleton (D:4)
  10 rats
96 creatures vanquished.

Notes
Turn   | Place    | Note
-------+----------+-------------------------------------------
     0 | D:1      | Gaball the Draconian Monk began the quest for the Orb.
     0 | D:1      | Reached XP level 1. HP: 19/19 MP: 1/1
    77 | D:1      | Reached XP level 2. HP: 21/26 MP: 2/2
   260 | D:1      | Reached skill level 4 in Long Blades
   268 | D:1      | Reached XP level 3. HP: 28/31 MP: 3/3
  1048 | D:2      | Found a deep blue altar of Sif Muna.
  1298 | D:2      | Reached XP level 4. HP: 38/38 MP: 4/4
  1352 | D:2      | Reached skill level 5 in Long Blades
  1602 | D:2      | Found a snail-covered altar of Cheibriados.
  1609 | D:2      | Found a hide-covered altar of Uskayaw.
  1612 | D:2      | Found a stormy altar of Qazlal.
  1618 | D:2      | Became a worshipper of Uskayaw the Reveler
  1618 | D:2      | Reached * piety under Uskayaw
  2285 | D:3      | Reached ** piety under Uskayaw
  2289 | D:3      | Reached *** piety under Uskayaw
  2608 | D:2      | Reached XP level 5. HP: 21/45 MP: 5/5
  2674 | D:3      | Noticed Jessica
  2681 | D:3      | Killed Jessica
  2681 | D:3      | Reached skill level 6 in Long Blades
  2892 | D:3      | Found an ancient bone altar of Kikubaaqudgha.
  3003 | D:3      | Reached XP level 6. HP: 21/51 MP: 6/6
  3198 | D:4      | Noticed tidbits's ghost (weakling FeIE)
  3214 | D:4      | Killed tidbits's ghost
  3270 | D:4      | Reached skill level 7 in Long Blades
  3906 | D:4      | Found a staircase to the Ecumenical Temple.
  3990 | D:4      | Killed from afar by an orc priest

Vault maps used:
D:1:      lightli_arrival_windingriver, solitary_fountain, corner_web_ring,
          st_stairs_9
D:2:      marbit_many_paths, minmay_overflow_temple_star_quad
D:3:      kiku_gazebo_garden_becter, first_ration, minmay_misc_feat_plants,
          guppyfry_early_lair_pool, uniq_jessica
D:4:      okawaru_metal_pillars_1_2, temple_green

Skill      XL: |  1  2  3  4  5  6 |
---------------+-------------------+-----
Long Blades    | 4 5 6 7 |  7.9
Fighting       | |  3.2
Dodging        | |  2.6
Stealth        | |  1.7

Action                   |  1- 3 |  4- 6 || total
-------------------------+-------+-------++-------
Melee: Falchion          |    81 |   207 ||   288
       Tailslap          |    17 |    41 ||    58
Invok: Stomp             |       |     1 ||     1
  Use: Scroll            |       |     4 ||     4
       Potion            |       |     1 ||     1
 Stab: Sleeping          |     9 |     8 ||    17
       Paralysed         |       |     4 ||     4
  Eat: Chunk             |     1 |     8 ||     9
Armor: Skin              |    22 |    50 ||    72
Dodge: Dodged            |    61 |   129 ||   190
       Rpst.: Falchion   |    22 |    47 ||    69

Table legend:
 A = Spawn XP
 B = Non-spawn XP
 C = Spawn XP percentage of total XP
 D = Spawn monster count
 E = Non-spawn monster count
 F = Spawn count percentage of total count
 G = Total turns spent on level
                    A         B        C        D         E        F      G
               +---------+---------+-------+---------+---------+-------+---------
         Total |       0 |     689 |   0.0 |       0 |      96 |   0.0 |  3990
               +---------+---------+-------+---------+---------+-------+---------
           D:1 |       0 |      66 |   0.0 |       0 |      28 |   0.0 |   916
           D:2 |       0 |      78 |   0.0 |       0 |      25 |   0.0 |  1130
           D:3 |       0 |     237 |   0.0 |       0 |      26 |   0.0 |  1383
           D:4 |       0 |     308 |   0.0 |       0 |      17 |   0.0 |   561
               +---------+---------+-------+---------+---------+-------+---------
